 Seeded DCSS version 0.30.0-5-g1a98f26d00 (webtiles) character file.

Game seed: 18007716519941398942 (custom seed)

20 IndexError the Trooper (level 2, 16/24 HPs)
             Began as a Demonspawn Fighter on May 11, 2023.
             Quit the game on level 1 of the Dungeon.
             The game lasted 00:01:43 (405 turns).

IndexError the Trooper (Demonspawn Fighter)          Turns: 405, Time: 00:01:43

Health: 16/24      AC:  6    Str: 18    XL:     2   Next: 58%
Magic:  2/2        EV:  9    Int:  9    God:
Gold:   9          SH:  4    Dex: 12    Spells: 1/1 levels left

rFire   . . .        i - staff of death "Qate" {rN+ Str+2, rN+}
rCold   . . .        c - +0 buckler
rNeg    + . .        b - +0 scale mail
rPois   .            (no helmet)
rElec   .            (no cloak)
rCorr   .            (no gloves)
SInv    .            (no boots)
Will    .....        (no amulet) Stlth
                     (no ring)
HPRegen 0.24/turn    (no ring)
MPRegen 0.08/turn

%: no passive effects
@: no status effects
A: powered by pain 1
a: no special abilities


You were on level 1 of the Dungeon.
You visited 1 branch of the dungeon, and saw 1 of its levels.

You collected 9 gold pieces.

Inventory:

Armour
 b - a +0 scale mail (worn)
 c - a +0 buckler (worn)
Magical Staves
 i - the staff of death "Qate" (weapon) {rN+ Str+2, rN+}
   (You acquired it on level 1 of the Dungeon)

   [staff of death]

   Base accuracy: +5 Base damage: 5 Base attack delay: 1.2 This weapon's minimum
   attack delay (0.6) is reached at skill level 12.
   Str:       It affects your strength (+2).
   rN:        It protects you from negative energy.
   It falls into the 'Staves' category.
   It is a one-handed weapon.
Jewellery
 g - an amulet of faith {Faith, !P}
   (You found it on level 1 of the Dungeon)
 h - an amulet of the acrobat
   (You found it on level 1 of the Dungeon)
 j - the ring of Jokyur {Wiz rN+ Int+2 Dex-3 Stlth+}
   (You acquired it on level 1 of the Dungeon)

   [ring of wizardry]

   It improves your spell success rate.
   Int:       It affects your intelligence (+2).
   Dex:       It affects your dexterity (-3).
   rN:        It protects you from negative energy.
   Stlth:     It makes you more stealthy.
 k - a ring of protection from cold {rC+, !d}
   (You acquired it on level 1 of the Dungeon)
Scrolls
 a - a scroll of fog {unknown}
 e - 2 scrolls of magic mapping {unknown}
 m - a scroll of immolation {unknown}
Potions
 d - 3 potions of might
 f - a potion of berserk rage {unknown}
 l - 2 potions of heal wounds {unknown}


   Skills:
 - Level 3.6 Fighting
 - Level 1.7 Long Blades
 * Level 0.6 Staves
 - Level 2.6 Armour
 - Level 2.6 Shields
 + Level 0.6 Invocations
 + Level 0.4 Evocations


You had one spell level left.
You didn't know any spells.
Your spell library was empty.

Dungeon Overview and Level Annotations

Branches:
Dungeon (1/15)

Altars:


Innate Abilities, Weirdness & Mutations

You sometimes gain a little power by taking damage.


Message History

k - a ring of protection from cold {rC+, !d} Something appears at your feet!
i - the staff of death "Qate" {rN+ Str+2, rN+} You feel stronger.
i - the staff of death "Qate" (weapon)
{rN+ Str+2, rN+} You drop a +0 long sword.
You see here a +0 dagger.
a - a scroll labelled UNKIPPOYZU
l - 2 lumpy sapphire potions
e - 2 scrolls labelled DAUD DOTON (gained 1)
A kobold comes into view. It is wielding a +0 dagger.
The kobold shouts!
A kobold is nearby!
You block the kobold's attack.
You hit the kobold. The kobold hits you but does no damage.
You hit the kobold. The kobold misses you.
You hit the kobold but do no damage. The kobold hits you but does no damage.
The kobold barely misses you.
You hit the kobold. The kobold barely misses you.
You barely miss the kobold. The kobold hits you but does no damage.
You hit the kobold.
No target in view!
Things that are here:
a +0 dagger; a kobold corpse A giant cockroach and a hobgoblin come into view.
The hobgoblin shouts!
There are monsters nearby!
There are monsters nearby!
You hit the giant cockroach. The giant cockroach barely misses you.
You block the giant cockroach's attack.
You closely miss the giant cockroach. The giant cockroach barely misses you.
You hit the giant cockroach. You block the hobgoblin's attack.
You hit the hobgoblin.
The hobgoblin hits you but does no damage.
You hit the hobgoblin but do no damage. The hobgoblin misses you.
The hobgoblin hits you.
You take 2 damage, and have 22/24 hp.
You hit the hobgoblin but do no damage. The hobgoblin completely misses you.
You hit the hobgoblin but do no damage. The hobgoblin completely misses you.
You barely miss the hobgoblin. The hobgoblin barely misses you.
You hit the hobgoblin.
No target in view!
No target in view!
A quokka and a kobold come into view.
The kobold shouts!
Health restored: 24
There are monsters nearby!
You hit the kobold.
The quokka bites you but does no damage.
You miss the quokka.
The quokka bites you but does no damage.
The quokka completely misses you.
You hit the quokka.
No target in view!
Found a stone staircase leading down.
A goblin comes into view. It is wielding a +0 dagger.
The goblin shouts!
You block the goblin's attack.
You hit the goblin but do no damage.
The goblin hits you but does no damage. x2
You closely miss the goblin.
A ball python comes into view.
The goblin hits you with a +0 dagger.
You take 2 damage, and have 22/24 hp.
The ball python hisses angrily.
You hit the goblin.
Things that are here:
a +0 dagger; a goblin corpse You hit the ball python.
No target in view!
No target in view!
A goblin comes into view. It is wielding a +0 dagger.
The goblin shouts!
Health restored: 24 A goblin is nearby!
The goblin hits you but does no damage.
You hit the goblin.
No target in view!
Things that are here:
a +0 dagger; a goblin corpse You open the door.
There is an open door here.
There is an open door here.
d - 3 potions of might (gained 2)
m - a scroll labelled WETWEA VUBEETT An endoplasm comes into view.
The endoplasm quivers.
The endoplasm freezes you.
You are frozen.
You take 5 damage, and have 19/24 hp.
MASSIVE DAMAGE!!
You hit the endoplasm. The endoplasm barely misses you. x2
You hit the endoplasm but do no damage. The endoplasm barely misses you.
You hit the endoplasm. The endoplasm freezes you.
You are frozen.
You take 4 damage, and have 16/24 hp.
You hit the endoplasm.
No target in view!
No target in view!
Are you sure you want to abandon this character and quit the game? (Confirm with "yes".)

#....###.##...#.#.#......
+....'...................
#....###.##.#.#.#.###.#..
............#........###.#..
#########..#................
##..................
.##.####..#...##..........
.........#.#.........#....
........#@..#........#.#.#
...#######.#######........ .
##.......## #...#####
##.........###........
##)..........##..#.####
#.............#....#
#.............##..##
#(............#≈#..##
§≈≈......<.....§≈§≈#..#


There were no monsters in sight!

Vanquished Creatures
  4 endoplasms (D:1)
  A giant cockroach (D:1)
  3 goblins (D:1)
  2 hobgoblins (D:1)
  A jackal (D:1)
  2 kobolds (D:1)
  A quokka (D:1)
  A ball python (D:1)
  A frilled lizard (D:1)
16 creatures vanquished.

Notes
Turn   | Place    | Note
-------+----------+-------------------------------------------
     0 | D:1      | IndexError the Demonspawn Fighter began the quest for the
                  | Orb.
     0 | D:1      | Reached XP level 1. HP: 18/18 MP: 1/1
   133 | D:1      | Gained mutation: You sometimes gain a little power by
                  | taking damage. [demonic ancestry]
   133 | D:1      | Reached XP level 2. HP: 19/24 MP: 2/2
   154 | D:1      | Identified 3 scrolls of acquirement
   154 | D:1      | Acquired the ring of Jokyur {Wiz rN+ Int+2 Dex-3 Stlth+}
   156 | D:1      | Acquired a ring of protection from cold
   158 | D:1      | Acquired the staff of death "Qate" {rN+ Str+2}
   405 | D:1      | Quit the game

Illustrated notes

Levels and vault maps discovered:
D:1:      psy_arrival_dodecagon, layout_basic,
          dreamdust_ecumenical_altar_sealed_demon

Action                     || total
---------------------------++-------
  Melee: Long sword        ||    17
         Staff             ||    27
    Use: Scroll            ||     3
 Armour: Scale mail        ||    13
  Dodge: Dodged            ||    18
  Block: Buckler           ||     5

Levels and vault maps discovered:
D:1:      psy_arrival_dodecagon, layout_basic,
          dreamdust_ecumenical_altar_sealed_demon

Table legend: (Time is in decaauts)
 A = Elapsed time spent in this place.
 B = Non-inter-level travel time spent in this place.
 C = Inter-level travel time spent in this place.
 D = Time resting spent in this place.
 E = Time spent auto-exploring this place.
 F = Levels seen in this place.
 G = Mean time per level.
                   A        B        C        D        E       F      G
               +--------+--------+--------+--------+--------+-----+--------+
         Total |    416 |    416 |      0 |      0 |    229 |   1 |  416.0 |
       Dungeon |    416 |    416 |      0 |      0 |    229 |   1 |  416.0 |
               +--------+--------+--------+--------+--------+-----+--------+

Top non-repeatable levels by time:
     D:1: 416 daAuts

Table legend:
 A = Kills in this place as a percentage of kills in the entire game.
 B = Kills by you in this place as a percentage of kills by you in the entire game.
 C = Kills by friends in this place as a percentage of kills by friends in the entire game.
 D = Other kills in this place as a percentage of other kills in the entire game.
 E = Experience gained in this place as a percentage of experience gained in the entire game.
 F = Experience gained in this place divided by the number of levels of this place that you have seen.
                   A       B       C       D       E      F
               +-------+-------+-------+-------+-------+----------------------
         Total | 100.0 | 100.0 |   N/A |   N/A | 100.0 |  29.0
       Dungeon | 100.0 | 100.0 |   N/A |   N/A | 100.0 |  29.0
               +-------+-------+-------+-------+-------+----------------------
